 Dungeon Crawl Stone Soup version 0.26-a0-962-g9b92081034 (webtiles) character file.

Game seed: 13701470981959242093

8099 Bapho the Nimble (level 11, -2/67 HPs)
             Began as a Deep Elf Fire Elementalist on Nov 18, 2020.
             Was a Priest of Vehumet.
             Slain by a cane toad (21 damage)
             ... on level 1 of the Lair of Beasts on Dec 2, 2020.
             The game lasted 00:38:00 (10598 turns).

Bapho the Nimble (Deep Elf Fire Elementalist)      Turns: 10598, Time: 00:38:03

Health: -2/67      AC:  4    Str:  5    XL:     11   Next: 5%
Magic:  18/27      EV: 27    Int: 24    God:    Vehumet [***...]
Gold:   701        SH:  0    Dex: 15    Spells: 13/30 levels left

rFire    . . .     SeeInvis .   H - +7 great sword
rCold    + . .     Faith    .   (shield currently unavailable)
rNeg     . . .     Spirit   .   a - +1 robe
rPois    .         Reflect  .   (no helmet)
rElec    .         Harm     .   (no cloak)
rCorr    .         Rampage  .   (no gloves)
MR       +....                  L - +0 pair of boots
Stlth    ++........             n - amulet of regeneration
HPRegen  0.61/turn              B - ring of Phasing {EV+8}
MPRegen  0.20/turn              E - ring of protection from cold

@: lethally poisoned (-2 -> -21)
A: no striking features
a: Renounce Religion


You were on level 1 of the Lair of Beasts.
You worshipped Vehumet.
Vehumet was most pleased with you.
You visited 3 branches of the dungeon, and saw 13 of its levels.

You collected 701 gold pieces.

Inventory:

Hand Weapons
 i - a +1 short sword
 r - a cursed -3 trident
 H - a +7 great sword (weapon)
Armour
 a - a +1 robe (worn)
 y - +0 pearl dragon scales
 L - a +0 pair of boots (worn)
 M - cursed +0 steam dragon scales
Jewellery
 b - an uncursed ring of poison resistance
 h - an uncursed amulet of the acrobat
 n - an amulet of regeneration (around neck)
 t - an uncursed amulet of magic regeneration {unknown}
 w - an uncursed ring of fire
 B - the ring of Phasing (left hand) {EV+8}
   (You found it on level 5 of the Dungeon)

   [ring of evasion]

   It affects your evasion (+8).
 D - an uncursed ring of teleportation
 E - a ring of protection from cold (right hand)
 G - an uncursed ring of attention
 N - a +4 ring of protection {unknown}
Wands
 g - a wand of acid (11) (quivered)
 u - a wand of iceblast (21)
 A - a wand of polymorph (8)
 C - a wand of random effects (26)
 F - a wand of paralysis (6)
 Q - a wand of flame (24)
Scrolls
 c - a scroll of blinking
 e - 3 scrolls of teleportation
 j - 4 scrolls of remove curse
 s - a scroll of noise
 x - a scroll of enchant weapon
 I - 2 scrolls of identify
 J - a scroll of enchant armour
 K - a scroll of magic mapping
 O - a scroll of holy word {unknown}
 P - a scroll of vulnerability {unknown}
 S - 3 scrolls of fear
 U - a scroll of fog {unknown}
Potions
 d - a potion of magic
 f - 3 potions of curing
 k - 3 potions of lignification
 l - a potion of haste {unknown}
 m - a potion of cancellation {unknown}
 o - 6 potions of degeneration
 p - 5 potions of heal wounds
 q - 2 potions of flight
 v - a potion of ambrosia {unknown}
 z - 2 potions of might
 R - 2 potions of berserk rage {unknown}
 T - a potion of mutation {unknown}


   Skills:
 * Level 7.3 Fighting
 * Level 10.7 Dodging
 - Level 2.4 Stealth
 - Level 10.1 Spellcasting
 - Level 7.1 Conjurations
 - Level 7.9 Fire Magic


You had 13 spell levels left.
You knew the following spells:

 Your Spells              Type           Power        Failure   Level
a - Foxfire               Conj/Fire      ####         1%          1
b - Sticky Flame          Conj/Fire      #####...     1%          4
c - Fireball              Conj/Fire      #####.....   1%          5
d - Mephitic Cloud        Conj/Pois/Air  ###.....     1%          3
e - Airstrike             Air            ##........   13%         4

Your spell library contained the following spells:

 Spells                   Type           Power        Failure   Level
 Conjure Flame            Conj/Fire      #####...     1%          3
 Dazzling Flash           Conj/Hex       ####..       1%          3
 Inner Flame              Hex/Fire       ####....     1%          3
 Corona                   Hex            ##.....      5%          1
 Ensorcelled Hibernation  Hex/Ice        ##....       8%          2
 Confusing Touch          Hex            ##......     16%         3
 Gell's Gravitas          Tloc           ##........   16%         3
 Tukima's Dance           Hex            ##......     16%         3
 Yara's Violent Unravell  Hex/Tmut       ##........   34%         5
 Petrify                  Tmut/Erth      ##......     45%         4
 Metabolic Englaciation   Hex/Ice        ##........   82%         5


Dungeon Overview and Level Annotations

Branches:
Dungeon (11/15)            Temple (1/1) D:5            Lair (1/6) D:8
    Orc (0/2) D:9

Altars:
Cheibriados
Dithmenos
Elyvilon
Fedhas
Gozag
Hepliaklqana
Kikubaaqudgha
Nemelex Xobeh
Qazlal
Sif Muna
Uskayaw
Vehumet
Xom
Yredelemnul
Zin
The Shining One

Shops:
D:9 :(}


Message History

The foxfire hits the cane toad.
The cane toad is severely wounded.
The cane toad completely misses you.
The forest fire spreads!
Casting: Foxfire (safe; 1% risk of failure)
Confirm with . or Enter, or press ? or * to list all spells.
You conjure some foxfire!
You feel sick. The cane toad closely misses you.
You feel sick.
The foxfire hits the cane toad.
The cane toad is almost dead.
The foxfire hits the cane toad.
The cane toad is almost dead.
The cane toad misses you. The cane toad stings you!!
You are lethally poisoned!
The cane toad poisons you!
Casting: Foxfire (safe; 1% risk of failure)
Confirm with . or Enter, or press ? or * to list all spells.
You conjure some foxfire!
* * * LOW HITPOINT WARNING * * *
You feel very sick. The cane toad stings you!!
You die...

*,,* **,** *,,*****,,** *,,*
*,,,* **,* *,,,,* *,,* **,**
*** ***,**
*,,*#####***♣♣♣♣♣♣♣**♣♣♣ *,****
*,,,.....,* ♣.....,,...♣ *,,,,,
**,,,......* ♣....,,,[..♣
*,,,,,
*,,,,......♣*♣..######..♣
*,,,,,
**,,,.......♣♣v.#...⌠#..♣
****** *,,,....!...†F@#....'..♣
*,,,...##.....v#.<..'..♣
*,,,,^,#.......#....'..♣
*,,,,,,#...♣§.†#...⌠#..♣
*,,,,.....♣♣...######..♣
*,,,,.....*♣...........♣ *** *
*,,,...#..*............♣ **,***
*,,,?.....♣§♣♣♣♣♣♣♣♣♣♣♣♣**,,,,,
*,,,,,.#,,,* *,,,,,,


You could see a cane toad.

Vanquished Creatures
  Harold (D:7)
  A two-headed ogre (D:7)
  Maggie (D:7)
  A troll (D:10)
  Prince Ribbit (D:5)
  A wyvern (D:10)
  Sigmund (D:5)
  3 yaks (D:10)
  A warg (D:9)
  A water moccasin (Lair:1)
  4 sky beasts
  7 orc warriors
  2 phantoms
  6 ogres
  An ice beast (D:2)
  2 black bears
  A necrophage (D:7)
  3 centaurs
  A big kobold (D:9)
  4 bullfrogs
  A wyvern skeleton (D:4)
  5 wights (D:6)
  13 killer bees
  2 howler monkeys (D:7)
  A quasit (D:8)
  4 jellies
  10 orc wizards
  A bullfrog skeleton (D:10)
  6 hounds
  A centaur skeleton (D:10)
  9 orc priests
  6 iguanas
  8 worker ants
  Ijyb (D:4)
  3 worker ant zombies
  12 adders
  4 gnolls (D:6)
  A howler monkey skeleton (D:7)
  2 white imps
  2 ufetubi
  An ooze (D:6)
  3 adder zombies
  10 leopard geckos
  48 orcs
  8 bats
  4 giant cockroaches
  6 goblins
  10 hobgoblins
  11 jackals
  14 kobolds
  4 quokkas
  4 frilled lizards (D:2)
  A jackal skeleton (D:8)
  A leopard gecko skeleton (D:4)
  6 rats
266 creatures vanquished.

Vanquished Creatures (others)
  766 foxfires
766 creatures vanquished.

Grand Total: 1032 creatures vanquished

Notes
Turn   | Place    | Note
-------+----------+-------------------------------------------
     0 | D:1      | Bapho the Deep Elf Fire Elementalist began the quest for
                  | the Orb.
     0 | D:1      | Reached XP level 1. HP: 10/10 MP: 6/6
   317 | D:1      | Reached XP level 2. HP: 14/15 MP: 6/8
   914 | D:2      | Reached XP level 3. HP: 19/19 MP: 5/10
  1014 | D:2      | Noticed an ice beast
  1020 | D:2      | Killed an ice beast
  1021 | D:2      | Reached XP level 4. HP: 24/24 MP: 6/12
  1079 | D:2      | Learned a level 4 spell: Sticky Flame
  1100 | D:2      | Noticed a centaur
  1107 | D:2      | Killed a centaur
  1108 | D:2      | Reached skill level 5 in Spellcasting
  1108 | D:2      | Reached XP level 5. HP: 12/28 MP: 8/14
  1778 | D:2      | Reached skill level 5 in Fire Magic
  1877 | D:2      | Learned a level 5 spell: Fireball
  1960 | D:3      | Found a hazy altar of Hepliaklqana.
  2094 | D:3      | Reached XP level 6. HP: 32/32 MP: 14/16
  2324 | D:3      | Found a glowing golden altar of the Shining One.
  2916 | D:4      | Reached XP level 7. HP: 36/36 MP: 10/18
  2978 | D:4      | Noticed Ijyb
  3008 | D:4      | Killed Ijyb
  3109 | D:4      | Reached skill level 5 in Conjurations
  3625 | D:5      | Entered Level 5 of the Dungeon
  3755 | D:5      | Noticed Prince Ribbit
  3755 | D:5      | Noticed Sigmund
  3765 | D:5      | Killed Prince Ribbit
  3766 | D:5      | Reached XP level 8. HP: 28/41 MP: 12/21
  3924 | D:5      | Killed Sigmund
  4347 | D:5      | Found the ring of Phasing {EV+8}
  4695 | D:5      | Found a staircase to the Ecumenical Temple.
  4763 | Temple   | Entered the Ecumenical Temple
  4820 | Temple   | Became a worshipper of Vehumet
  5156 | D:6      | Reached skill level 1 in Fighting
  5274 | D:6      | Reached XP level 9. HP: 35/47 MP: 14/24
  5440 | D:6      | Found a blossoming altar of Fedhas.
  5456 | D:6      | Upgraded the game from 0.26-a0-837-g5a8a614f01 to
                  | 0.26-a0-962-g9b92081034
  5602 | D:6      | Reached * piety under Vehumet
  5602 | D:6      | Offered knowledge of Shock by Vehumet.
  6261 | D:7      | Reached skill level 5 in Dodging
  6269 | D:7      | Noticed a two-headed ogre
  6287 | D:7      | Killed a two-headed ogre
  6288 | D:7      | Reached skill level 10 in Spellcasting
  6424 | D:7      | You fall into a shaft and drop 2 floors!
  6424 | D:9      | Found Deokh's Antique Weapon Emporium.
  6552 | D:9      | Found a staircase to the Orcish Mines.
  6825 | D:9      | Found Ymep's Book Boutique.
  6843 | D:9      | Offered knowledge of Searing Ray by Vehumet.
  6976 | D:8      | Reached ** piety under Vehumet
  6977 | D:8      | Reached XP level 10. HP: 58/58 MP: 21/26
  7047 | D:8      | Reached skill level 5 in Fighting
  7340 | D:8      | Found a staircase to the Lair.
  7436 | D:7      | Offered knowledge of Mephitic Cloud by Vehumet.
  7441 | D:7      | Learned a level 3 spell: Mephitic Cloud
  7624 | D:7      | Reached *** piety under Vehumet
  7638 | D:7      | Noticed Maggie
  7657 | D:7      | Killed Maggie
  8305 | D:7      | Noticed Harold
  8328 | D:7      | Killed Harold
  9021 | D:9      | Found Duraiqui's Gadget Boutique.
  9124 | D:9      | Found an opulent altar of Gozag.
  9124 | D:9      | Found a glowing silver altar of Zin.
  9242 | D:9      | Reached skill level 10 in Dodging
  9250 | D:9      | Offered knowledge of Airstrike by Vehumet.
  9256 | D:9      | Learned a level 4 spell: Airstrike
  9384 | D:10     | Entered Level 10 of the Dungeon
  9748 | D:10     | Reached XP level 11. HP: 67/67 MP: 5/27
 10410 | D:11     | Noticed a red ugly thing
 10556 | Lair:1   | Entered Level 1 of the Lair of Beasts
 10598 | Lair:1   | Slain by a cane toad

Illustrated notes

Levels and vault maps discovered:
D:1:      mrwooster_arrival_arrow, layout_loops_ring
D:2:      layout_rooms
D:3:      layout_rooms, tso_oasis_becter, lemuel_crystal_altar
D:4:      layout_rooms, uniq_ijyb
D:5:      layout_loops_ring, minmay_temple_entry_overgrown, uniq_prince_ribbit1,
          uniq_sigmund
D:6:      layout_basic, basic_altar
D:7:      layout_loops_corners, uniq_harold, uniq_maggie
D:8:      layout_loops_cross, lair_entry_dummy
D:9:      layout_rooms, grunt_temple_overflow_gold_and_silver,
          david_orc_1_choice, serial_shops, shop, nicolae_shop_waterfront, shop
D:10:     layout_loops_cross
D:11:     layout_basic, basic_altar, chequers_mini_garden, uniq_urug
Temple:   hc_temple_tempest_star
Lair:1:   layout_chaotic_city, gauntlet_entry_generic, bh_autumn_forest_stairs,
          lemuel_fruit_tree, lemuel_fruit_fields, lemuel_fruit_fields

Skill      XL: |  1  2  3  4  5  6  7  8  9 10 |
---------------+-------------------------------+-----
Conjurations   | 2 3 4 6 7 |  7.1
Spellcasting   | 4 5 6 7 9 10 | 10.1
Fire Magic     | 4 5 7 |  7.9
Dodging        | 3 7 10 | 10.7
Fighting       | 1 4 7 |  7.3
Stealth        | |  2.4

Action                   |  1- 3 |  4- 6 |  7- 9 | 10-12 || total
-------------------------+-------+-------+-------+-------++-------
Melee: Short sword       |       |     4 |     3 |       ||     7
       Great sword       |       |       |     3 |    41 ||    44
 Cast: Foxfire           |    39 |    95 |   198 |   124 ||   456
       Sticky Flame      |       |     7 |    25 |       ||    32
       Fireball          |       |       |    10 |    31 ||    41
       Mephitic Cloud    |       |       |       |     4 ||     4
       Airstrike         |       |       |       |     2 ||     2
  Use: Scroll            |       |     9 |     9 |     3 ||    21
 Stab: Confused          |       |       |       |     1 ||     1
Armor: Robe              |     1 |     7 |    10 |     6 ||    24
Dodge: Dodged            |    14 |    41 |    98 |   139 ||   292
       Rpst.: Great sword |       |       |    17 |    39 ||    56

Table legend: (Time is in decaauts)
 A = Elapsed time spent in this place.
 B = Non-inter-level travel time spent in this place.
 C = Inter-level travel time spent in this place.
 D = Time resting spent in this place.
 E = Time spent auto-exploring this place.
 F = Levels seen in this place.
 G = Mean time per level.
                   A        B        C        D        E       F      G
               +--------+--------+--------+--------+--------+-----+--------+
         Total |  10629 |  10285 |    344 |   1793 |   6568 |  13 |  817.6 |
       Dungeon |  10520 |  10192 |    328 |   1793 |   6507 |  11 |  956.4 |
        Temple |     66 |     57 |      9 |      0 |     52 |   1 |   66.0 |
          Lair |     41 |     35 |      6 |      0 |      9 |   1 |   41.0 |
               +--------+--------+--------+--------+--------+-----+--------+

Top non-repeatable levels by time:
     D:7: 1332 daAuts
     D:6: 1215 daAuts
     D:5: 1154 daAuts
    D:10: 1140 daAuts
     D:4: 1038 daAuts
     D:8: 981 daAuts
     D:2: 976 daAuts
     D:9: 906 daAuts
     D:1: 904 daAuts
     D:3: 847 daAuts
  Temple: 66 daAuts
  Lair:1: 41 daAuts
    D:11: 24 daAuts
